 Dungeon Crawl Stone Soup version 0.30-a0-347-gf58ed5266c (webtiles) character file.

Game seed: 7056504679456619330

2 MrRokkomies the Twirler (level 1, -2/18 HPs)
             Began as an Armataur Gladiator on Nov 6, 2022.
             Frozen to death by an endoplasm (3 damage)
             ... on level 1 of the Dungeon.
             The game lasted 00:00:16 (30 turns).

MrRokkomies the Twirler (Armataur Gladiator)          Turns: 30, Time: 00:00:17

Health: -2/18      AC:  5    Str: 19    XL:     1   Next: 33%
Magic:  1/1        EV:  9    Int:  8    God:
Gold:   0          SH:  0    Dex: 11    Spells: 0/0 levels left

rFire   . . .      SeeInvis .    a - +0 quarterstaff
rCold   . . .      Faith    .    (shield currently unavailable)
rNeg    . . .      Spirit   .    b - +0 leather armour
rPois   .          Reflect  .    c - +0 helmet
rElec   .          Harm     .    (no cloak)
rCorr   .          Roll     +    (no gloves)
Will    .....                    (no barding)
Stlth   +.........               (no amulet)
HPRegen 0.23/turn                (no ring)
MPRegen 0.07/turn                (no ring)

@: no status effects
A: large, rugged brown scales 3, deformed body, armoured tail, roll, long
tongue, awkward tongue
a: no special abilities


You were on level 1 of the Dungeon.
You visited 1 branch of the dungeon, and saw 1 of its levels.

Inventory:

Hand Weapons
 a - a +0 quarterstaff (weapon)
Missiles
 d - 3 throwing nets (quivered)
 e - a javelin
Armour
 b - a +0 leather armour (worn)
 c - a +0 helmet (worn)


   Skills:
 * Level 1.9 Fighting
 - Level 2.6 Staves
 - Level 1.7 Throwing
 + Level 0.2 Armour
 + Level 2.2 Dodging


You couldn't memorise any spells.
You didn't know any spells.
Your spell library was empty.

Dungeon Overview and Level Annotations

Branches:
Dungeon (1/15)

Altars:


Innate Abilities, Weirdness & Mutations

You are completely covered in rugged brown scales. (AC +3, +7% HP)
Armour fits poorly on your strangely shaped body.
You have a long armoured tail.
You roll when moving toward enemies. (Rampage)
Your long tongue fully drains potion bottles. (2x potion effects)
Your tongue gives you trouble enunciating. (1.5x scroll delay)


Message History

The bat hits you but does no damage. The hobgoblin attacks as you move away!
The hobgoblin hits you but does no damage.
The bat closely misses you.
The endoplasm jiggles.
The bat closely misses you. The bat hits you but does no damage.
The endoplasm attacks as you move away! The endoplasm barely misses you.
The bat hits you but does no damage. The jackal attacks as you move away!
The jackal closely misses you. The bat closely misses you.
The jackal closely misses you.
You closely miss the jackal. The jackal completely misses you.
You barely miss the jackal. The jackal bites you.
The jackal bites you but does no damage.
You closely miss the jackal. You tail-slap the jackal.
The jackal is almost dead.
The jackal bites you. x2
You closely miss the jackal.
Your tail-slap misses the jackal.
The jackal is almost dead.
The jackal closely misses you.
You sock the jackal!
You kill the jackal!
The bat hits you but does no damage.
You barely miss the endoplasm. The endoplasm freezes you.
You are frozen.
* * * LOW HITPOINT WARNING * * *
You hit the endoplasm.
The endoplasm is moderately wounded.
The endoplasm hits you.
* * * LOW HITPOINT WARNING * * *
You completely miss the endoplasm.
The endoplasm is moderately wounded.
The endoplasm hits you but does no damage.
You hit the endoplasm but do no damage.
The endoplasm is moderately wounded.
The endoplasm freezes you.
You are frozen.
You die...

#+### #...####
#...'..# #.<.'..+
#...#..# # #...#..# .
#####.#####..#####....
.......@Jb............
..#######g.......#....
###......# #
#####..... .#.## #..#
.## .#


You could see an endoplasm, a hobgoblin and a bat.

Vanquished Creatures
  2 jackals (D:1)
2 creatures vanquished.

Notes
Turn   | Place    | Note
-------+----------+-------------------------------------------
     0 | D:1      | MrRokkomies the Armataur Gladiator began the quest for the
                  | Orb.
     0 | D:1      | Reached XP level 1. HP: 18/18 MP: 1/1
    30 | D:1      | Frozen to death by an endoplasm

Illustrated notes

Levels and vault maps discovered:
D:1:      dpeg_arrival_houses_and_road, layout_rooms

Action                   || total
-------------------------++-------
Melee: Quarterstaff      ||    17
       Tailslap          ||     2
Armor: Leather armour    ||    12
Dodge: Dodged            ||    18

Table legend: (Time is in decaauts)
 A = Elapsed time spent in this place.
 B = Non-inter-level travel time spent in this place.
 C = Inter-level travel time spent in this place.
 D = Time resting spent in this place.
 E = Time spent auto-exploring this place.
 F = Levels seen in this place.
 G = Mean time per level.
                   A        B        C        D        E       F      G
               +--------+--------+--------+--------+--------+-----+--------+
         Total |     32 |     32 |      0 |      0 |      4 |   1 |   32.0 |
       Dungeon |     32 |     32 |      0 |      0 |      4 |   1 |   32.0 |
               +--------+--------+--------+--------+--------+-----+--------+

Top non-repeatable levels by time:
     D:1: 32 daAuts
